 Dungeon Crawl Stone Soup version bcrawl-1.38.2 (webtiles) character file.

Game seed: 13253624957645809677

178263 izumii3 the Chopper (level 6, 0/58 HPs)
             Began as a Deep Dwarf Berserker on May 5, 2023.
             Was a Follower of Trog.
             Slain by an adder (2 damage)
             ... on level 4 of the Dungeon.
             The game lasted 00:05:16 (3980 turns).

izumii3 the Chopper (Deep Dwarf Berserker)          Turns: 3980, Time: 00:05:17

Health: 0/58       AC:  6    Str: 23 (25) XL:     6   Next: 90%
Magic:  6/6        EV: 11    Int:  8      God:    Trog [*.....]
Gold:   153        SH:  0    Dex: 10 (12) Spells: 5/5 levels left

rFire    . . .     GDR:     25% a - +0 hand axe
rCold    . . .     SeeInvis .   (no shield)
rNeg     . . .     Gourm    .   q - +0 scale mail
rPois    .         Faith    .   c - +0 hat
rElec    .         Spirit   .   (no cloak)
rCorr    .         Reflect  .   (no gloves)
MR       .....                  (no boots)
Stlth    +.........             (no amulet)
HPRegen  0.00/turn              g - +2 ring of slaying
MPRegen  0.10/turn              j - +3 ring of strength

@: berserk cooldown, non-regenerating
A: damage resistance, sense surroundings 1, no regeneration
a: Berserk, Renounce Religion


You were on level 4 of the Dungeon.
You worshipped Trog.
Trog was aware of your devotion.
You were very hungry.

You visited 1 branch of the dungeon, and saw 4 of its levels.

You collected 153 gold pieces.

Inventory:

Hand Weapons
 a - a +0 hand axe (weapon)
Armour
 b - a +0 animal skin
 c - a +0 hat (worn)
 p - a +0 leather armour
 q - a +0 scale mail (worn)
 t - a +0 pair of boots
Jewellery
 g - a +2 ring of slaying (left hand)
 j - a +3 ring of strength (right hand)
 s - an uncursed ring of protection from fire
Wands
 r - a wand of polymorph (5)
Scrolls
 i - 2 scrolls of identify
 m - a scroll of fog {unknown}
 n - 2 scrolls of enchant armour {unknown}
 o - 2 scrolls of amnesia {unknown}
Potions
 d - a potion of degeneration
 f - a potion of magic {unknown}
 h - a potion of berserk rage {unknown}
 k - a potion of agility
 l - a potion of haste {unknown}
 v - a potion of brilliance {unknown}
Comestibles
 e - 6 rations {!d}


   Skills:
 + Level 4.7 Fighting
 + Level 5.7 Axes
 + Level 3.1 Armour
 + Level 3.6 Dodging
 + Level 3.1 Stealth
 + Level 0.5 Unarmed Combat


You had 5 spell levels left.
You didn't know any spells.
Your spell library was empty.

Dungeon Overview and Level Annotations

Branches:
Dungeon (4/12)
 Temple: D:4-7

Altars:
Cheibriados
Fedhas
Kikubaaqudgha
Lugonu
Makhleb
Xom
The Shining One


Innate Abilities, Weirdness & Mutations

You are resistant to damage.
You passively map a small area around you.
You do not regenerate.


Message History

Things that are here:
a +0 shortbow; 108 arrows
Okay, then.
You open the door.
There is an open door here.
You feel yourself speed up.
An adder comes into view.
The adder hisses angrily.
You are too injured to fight recklessly!
You are too injured to fight recklessly!
You are too injured to fight recklessly!
The adder barely misses you.
You hit the adder.
The adder is lightly wounded.
The adder barely misses you.
You hit the adder.
The adder is moderately wounded.
You are feeling very hungry.
The adder bites you but does no damage. The adder bites you.
You die...

, , * ### * * . ..# , ,
##.###.# * #...##.# * ,
, #.#.##.# * #.#
#...##.# #.# #..##S# ,
#.# #..##@# ##+## #.#
#.....# ##...## #.#
##.######.....## #.###
##..# ##.......###.##.
##...####.........##.#..
#.......'..)......'.....
##...####.........##.#>.
##..# ##....<..###....
,....# ##.....## #####


You could see an adder.

Vanquished Creatures
  Sigmund (D:2)
  An ice beast (D:3)
  A bullfrog (D:3)
  A centaur (D:4)
  A crimson imp (D:4)
  An orc wizard (D:3)
  An adder (D:3)
  An ooze (D:3)
  3 worms
  2 dart slugs
  2 leopard geckos (D:2)
  3 orcs (D:3)
  3 bats (D:1)
  2 giant cockroaches
  3 hobgoblins
  2 jackals (D:3)
  3 frilled lizards (D:1)
  A goblin (D:1)
  10 kobolds
  3 rats
45 creatures vanquished.

Notes
Turn   | Place    | Note
-------+----------+-------------------------------------------
     0 | D:1      | izumii3 the Deep Dwarf Berserker began the quest for the
                  | Orb.
     0 | D:1      | Reached XP level 1. HP: 21/21 MP: 1/1
   227 | D:1      | Reached XP level 2. HP: 24/28 MP: 2/2
   566 | D:2      | Found a corrupted altar of Lugonu.
   761 | D:2      | Noticed Sigmund
  2638 | D:2      | Reached XP level 3. HP: 25/34 MP: 3/3
  2728 | D:2      | Found a snail-covered altar of Cheibriados.
  2853 | D:2      | Killed Sigmund
  2854 | D:2      | Reached skill level 4 in Axes
  2854 | D:2      | Reached skill level 1 in Stealth
  2854 | D:2      | Reached XP level 4. HP: 22/44 MP: 4/4
  2854 | D:2      | Reached XP level 5. HP: 25/50 MP: 5/5
  2946 | D:2      | Found an ancient bone altar of Kikubaaqudgha.
  2952 | D:2      | Found a blossoming altar of Fedhas.
  3165 | D:2      | Found a shimmering altar of Xom.
  3304 | D:3      | Reached skill level 5 in Axes
  3320 | D:3      | Reached XP level 6. HP: 11/58 MP: 6/6
  3440 | D:3      | Noticed an ice beast
  3449 | D:3      | Killed an ice beast
  3518 | D:3      | Reached ** piety under Trog
  3816 | D:4      | Found a glowing golden altar of the Shining One.
  3858 | D:4      | Found a burning altar of Makhleb.
  3959 | D:4      | HP: 2/58 [centaur (4)]
  3980 | D:4      | Slain by an adder

Skill      XL: |  1  2  3  4  5  6 |
---------------+-------------------+-----
Fighting       | 4 |  4.7
Axes           | 4 5 |  5.7
Dodging        | 3 |  3.6
Stealth        | 1 2 3 |  3.1
Armour         | 3 |  3.1
Unarmed Combat | |  0.5

Action                   |  1- 3 |  4- 6 || total
-------------------------+-------+-------++-------
Melee: Hand axe          |    60 |    68 ||   128
       Unarmed           |     4 |       ||     4
Invok: Berserk           |       |     2 ||     2
       Trog's Hand       |       |     2 ||     2
  Use: Potion            |     1 |     5 ||     6
       Scroll            |       |     1 ||     1
  Eat: Chunk             |     2 |     8 ||    10
       Ration            |     1 |       ||     1
Armor: Animal skin       |    17 |       ||    17
       Leather armour    |     2 |       ||     2
       Scale mail        |       |    17 ||    17
Dodge: Dodged            |    30 |    34 ||    64
